 Dungeon Sprint DCSS version 0.27.1-33-g824d729ab1 (webtiles) character file.

Game seed: 11987086250388399532

628 Hipnos the Unseen (level 7, -12/43 HPs)
             Began as a Gargoyle Brigand on Dec 2, 2021.
             Was an Initiate of Okawaru.
             Mangled by Sonja (16 damage)
             ... in the Dungeon (Sprint I: "Red Sonja").
             The game lasted 00:02:35 (298 turns).

Hipnos the Unseen (Gargoyle Brigand)                 Turns: 298, Time: 00:02:37

Health: -12/43     AC:  9    Str: 14    XL:     7   Next: 48%
Magic:  7/7        EV: 12    Int: 18    God:    Okawaru [......]
Gold:   171        SH:  0    Dex: 13    Spells: 6/6 levels left

rFire    . . .     SeeInvis .   a - +2 dagger
rCold    . . .     Faith    .   (no shield)
rNeg     + . .     Spirit   .   b - +0 robe
rPois    ∞         Reflect  .   o - +0 helmet
rElec    +         Harm     .   c - +0 cloak
rCorr    .         Rampage  .   n - +0 pair of gloves
Will     .....     NoTele   +   (no boots)
Stlth    ++++++....             (no amulet)
HPRegen  0.14/turn              j - +6 ring of intelligence
MPRegen  0.10/turn              (no ring)

@: no status effects
A: sickness immunity, AC +4, negative energy resistance 1, electricity
resistance, torment resistance 1, petrification resistance
a: Renounce Religion


You were in the Dungeon.
You worshipped Okawaru.
Okawaru was noncommittal.
You visited 1 branch You collected 405 gold pieces.
You spent 234 gold pieces at shops.

Inventory:

Hand Weapons
 a - a +2 dagger (weapon)
Armour
 b - a +0 robe (worn)
 c - a +0 cloak (worn)
 n - a +0 pair of gloves (worn)
 o - a +0 helmet (worn)
Jewellery
 j - a +6 ring of intelligence (left hand)
Scrolls
 k - a scroll of blinking
 l - a scroll of torment {unknown}
 m - a scroll of magic mapping {unknown}
Potions
 i - 2 potions of magic


   Skills:
 + Level 4.2 Fighting
 + Level 3.9 Short Blades
 + Level 3.4 Throwing
 + Level 1.6 Dodging
 * Level 16.4 Stealth


You had 6 spell levels left.
You didn't know any spells.
Your spell library was empty.

Dungeon Overview and Level Annotations

Branches:
Dungeon (1/1)

Altars:
Cheibriados
Dithmenos
Elyvilon
Fedhas
Gozag
Hepliaklqana
Kikubaaqudgha
Makhleb
Nemelex Xobeh
Okawaru
Qazlal
Ru
Sif Muna
Trog
Uskayaw
Vehumet
Wu Jian
Xom
Yredelemnul
Zin
The Shining One
Jiyva
Lugonu

Shops:
D [

Annotations:
D Sonja


Innate Abilities, Weirdness & Mutations

You are immune to sickness and miasma.
Your stone body is resilient. (AC +4)
You are immune to poison.
You resist negative energy. (rN+)
You are resistant to electric shocks. (rElec)
You are resistant to unholy torment.
You are immune to petrification.


Message History

Sonja shouts, "Too slow!"
Sonja gestures wildly while chanting.
Sonja blinks!
There is an open door here.
There is an open door here.
Things that are here:
a +0 giant club; an ogre corpse
There is an open door here.
You see here a poisoned dart.
d - a poisoned dart Sonja mumbles some strange words.
Sonja blinks!
Throw: dart (poison)
Press: ? - help, Q - select action Shift-Dir - straight line, f/p - Sonja
Aim: Sonja, wielding a +2 dagger of distortion and quivering curare-tipped darts (heavily wounded, 9% to hit)
You throw a poisoned dart. The poisoned dart misses Sonja.
Sonja casts a spell.
Sonja blinks!
Sonja mumbles some strange words.
Sonja blinks!
Sonja throws a curare-tipped dart.
The curare-tipped dart hits you.
There is an open door here.
Sonja throws a curare-tipped dart.
The curare-tipped dart closely misses you.
Things that are here:
a +0 dagger; a +2 ring mail of positive energy Sonja gestures wildly while chanting.
Sonja blinks!
There is an open door here.
There is an open door here.
Sonja misses you. x2
Sonja hits you with a +2 dagger of distortion.
* * * LOW HITPOINT WARNING * * *
Sonja hits you but does no damage. Space bends around you.
* * * LOW HITPOINT WARNING * * *
Sonja hits you but does no damage. Sonja barely misses you.
Sonja hits you with a +2 dagger of distortion.
* * * LOW HITPOINT WARNING * * *
Space warps horribly around you!
You die...

######################
#<.#.@'..#.)'..#__#..+
#..'.K#.)'..#..§..'.(#
#..#####'#####'#__####
#..####..#...#.####
#..#__####..##.#
#..#_____##'#_.+
#⌠⌠#_.∩..†'..._#
####_..__##_.#'#
#_____###'#.#


You could see Sonja.

Vanquished Creatures
  A slime creature (D)
  A yak (D)
  Sigmund (D)
  An ogre (D)
  A jelly (D)
  Ijyb (D)
6 creatures vanquished.

Notes
Turn   | Place    | Note
-------+----------+-------------------------------------------
     0 | D        | Hipnos the Gargoyle Brigand began the quest for the Orb.
     0 | D        | Reached XP level 1. HP: 12/12 MP: 1/1
     1 | D        | Noticed Ijyb
     7 | D        | Killed Ijyb
     8 | D        | Reached skill level 7 in Stealth
     8 | D        | Reached XP level 2. HP: 18/18 MP: 2/2
     8 | D        | Reached XP level 3. HP: 22/22 MP: 3/3
    78 | D        | Noticed an ogre
    83 | D        | Killed an ogre
    84 | D        | Reached skill level 1 in Dodging
    84 | D        | Reached skill level 10 in Stealth
    84 | D        | Reached XP level 4. HP: 28/28 MP: 4/4
    84 | D        | Reached XP level 5. HP: 32/32 MP: 5/5
    94 | D        | Noticed Sigmund
    97 | D        | Killed Sigmund
    98 | D        | Reached skill level 13 in Stealth
    98 | D        | Reached XP level 6. HP: 37/37 MP: 6/6
   109 | D        | Found an ornate altar of the Wu Jian Council.
   109 | D        | Found a shimmering blue altar of Sif Muna.
   111 | D        | Found a radiant altar of Vehumet.
   154 | D        | Found Velival's Antique Armour Emporium.
   154 | D        | Found an ancient bone altar of Kikubaaqudgha.
   154 | D        | Found a hazy altar of Hepliaklqana.
   154 | D        | Found a stormy altar of Qazlal.
   154 | D        | Found a hide-covered altar of Uskayaw.
   154 | D        | Found a blossoming altar of Fedhas.
   154 | D        | Found a bloodstained altar of Trog.
   154 | D        | Found an iron altar of Okawaru.
   154 | D        | Found a basalt altar of Yredelemnul.
   154 | D        | Found a glowing golden altar of the Shining One.
   154 | D        | Found a snail-covered altar of Cheibriados.
   154 | D        | Found a sacrificial altar of Ru.
   154 | D        | Found a glowing silver altar of Zin.
   154 | D        | Found a shadowy altar of Dithmenos.
   154 | D        | Found a white marble altar of Elyvilon.
   154 | D        | Noticed a yak
   155 | D        | Found an opulent altar of Gozag.
   156 | D        | Killed a yak
   157 | D        | Reached skill level 15 in Stealth
   157 | D        | Reached XP level 7. HP: 42/42 MP: 7/7
   157 | D        | Found a sparkling altar of Nemelex Xobeh.
   162 | D        | Became a worshipper of Warmaster Okawaru
   168 | D        | Bought a pair of gloves for 117 gold pieces
   168 | D        | Bought a helmet for 117 gold pieces
   189 | D        | Found a burning altar of Makhleb.
   189 | D        | Found a viscous altar of Jiyva.
   189 | D        | Found a shimmering altar of Xom.
   189 | D        | Found a corrupted altar of Lugonu.
   189 | D        | Noticed a slime creature
   192 | D        | Killed a slime creature
   193 | D        | Reached skill level 16 in Stealth
   216 | D        | Noticed Sonja
   298 | D        | Mangled by Sonja

Illustrated notes

Levels and vault maps discovered:
D:        dungeon_sprint_1 [red_sonja_temple_1, red_sonja_temple_small_1]

Skill      XL: |  1  2  3  4  5  6  7 |
---------------+----------------------+-----
Short Blades   | 2 3 |  3.9
Throwing       | 2 3 |  3.4
Stealth        | 7 10 13 15 16 | 16.4
Fighting       | 3 4 |  4.2
Dodging        | 1 |  1.6

Action                   |  1- 3 |  4- 6 |  7- 9 || total
-------------------------+-------+-------+-------++-------
Melee: Dagger            |     6 |     3 |     3 ||    12
Throw: Dart              |       |       |    15 ||    15
  Use: Potion            |     1 |       |     3 ||     4
 Stab: Sleeping          |     2 |     3 |     1 ||     6
Armor: Robe              |     1 |       |     8 ||     9
Dodge: Dodged            |     1 |       |    23 ||    24
